 Dungeon Crawl Stone Soup version 0.28-a0-883-gc8d7bad45d (webtiles) character file.

Game seed: 5873288666260482380

639 funkygono the Slasher (level 7, 0/52 HPs)
             Began as a Djinni Cinder Acolyte on Nov 21, 2021.
             Was an Elder of Ignis.
             Slain by a necrophage (6 damage)
             ... on level 4 of the Dungeon.
             The game lasted 00:09:19 (4963 turns).

funkygono the Slasher (Djinni Cinder Acolyte)       Turns: 4963, Time: 00:09:19

Health: 0/52       AC:  4    Str: 14    XL:     7   Next: 80%
Gold:   218        EV: 11    Int: 17    God:    Ignis [****..] SH:  0 Dex:  8

rFire   + + +      SeeInvis .   g - +0 long sword (drain)
rCold   x . .      Faith    .   (no shield)
rNeg    . . .      Spirit   .   c - +0 leather armour
rPois   ∞          Reflect  .   (no helmet)
rElec   .          Harm     .   (no cloak)
rCorr   .          Rampage  .   d - +0 pair of gloves
Will    .....                   (boots unavailable)
Stlth   +.........              i - amulet of the acrobat
HPRegen 0.17/turn               (no ring)
MPRegen 0.00/turn               (no ring)

@: flying
A: sickness immunity, fire resistance 2, cold vulnerability 1, float, innate
caster, hp casting, extra vitality 1
a: Renounce Religion, Sea of Fire, Foxfire Swarm, Rising Flame


You were on level 4 of the Dungeon.
You worshipped Ignis.
Ignis was greatly pleased with you.
You visited 1 branch of the dungeon, and saw 4 of its levels.

You collected 218 gold pieces.

Inventory:

Hand Weapons
 a - a -1 falchion of flaming
 g - a +0 long sword of draining (weapon)
 m - a +0 club
 p - a +2 whip of draining
Armour
 b - a +0 robe
 c - a +0 leather armour (worn)
 d - a +0 pair of gloves (worn)
 l - a +0 chain mail
 n - a +0 kite shield
Jewellery
 i - an amulet of the acrobat (around neck)
Wands
 e - a wand of flame (14)
Scrolls
 h - 2 scrolls of magic mapping
 o - a scroll of noise {unknown}
 r - a scroll of teleportation
Potions
 f - 2 potions of brilliance {unknown}
 j - a potion of resistance {unknown}
 k - a potion of berserk rage {unknown}
 q - a potion of haste {unknown}


   Skills:
 + Level 4.2 Fighting
 + Level 4.4 Long Blades
 + Level 2.3 Armour
 + Level 2.7 Dodging
 + Level 1.1 Stealth
 + Level 4.2 Spellcasting


You had 6 spell levels left.
You knew the following spells:

 Your Spells              Type           Power      Damage    Failure   Level
a - Scorch                Fire           34%        2d6       4%          2
b - Pain                  Necr           68%        1d7       3%          1
c - Wereblood             Tmut           17%        N/A       4%          2
d - Inner Flame           Hex/Fire       17%        N/A       10%         3
Your spell library was empty.

Dungeon Overview and Level Annotations

Branches:
Dungeon (4/15)
 Temple: D:4-7

Altars:
Cheibriados


Innate Abilities, Weirdness & Mutations

You are immune to sickness and miasma.
You are immune to poison.
Your flesh is very heat resistant. (rF++)
You are vulnerable to cold. (rC-)
You float through the air rather than walking.
You learn spells naturally, not from books.
Your magical power is your life essence.
You have superior vitality. (+4 HP)


Message History

The orc wizard gestures wildly while chanting.
The orc wizard flickers and vanishes!
Deactivating autopickup; reactivate with Ctrl-A.
Something hits you.
You barely miss something. Something hits you but does no damage.
Unknown command.
You hear some strange, mumbled words.
A magic dart appears from out of thin air!
The magic dart hits you!
You slash something!
Reactivating autopickup.
You feel a bit more experienced.
You hit the orc. You drain the orc.
You kill the orc!
You closely miss the necrophage. The necrophage hits you.
You slash the necrophage!
The necrophage is heavily damaged.
The necrophage hits you.
* * * LOW HITPOINT WARNING * * *
You hit the necrophage but do no damage.
The necrophage is heavily damaged.
The necrophage barely misses you.
You hit the necrophage.
The necrophage is heavily damaged.
The necrophage closely misses you. The necrophage misses you.
You hit the necrophage.
The necrophage is severely damaged.
The necrophage closely misses you.
You barely miss the necrophage.
The necrophage is severely damaged.
The necrophage hits you!
* * * LOW HITPOINT WARNING * * *
You slash the necrophage!
The necrophage is almost destroyed.
The necrophage hits you.
* * * LOW HITPOINT WARNING * * *
You hit the necrophage.
The necrophage is almost destroyed.
The necrophage hits you.
You die...

##..{.........#......... #.
#.o..#..............<...
#..##.o.###.#####.......###
#...........# ##.........##
...###....#### #...........#
.#######.## ##)..........# ###..#
#..#####.°.....>....# ###....##
##.#....<#..........#
###.......####○n@.####).........#
#..#####..○...#○○.○°...........##
...............°..#####........##
..#####......☼..°...............#
######......###....###..........#
##........°......☼.###..........#
#..............°♣♣♣♣♣...........#
..[............♣♣♣♣♣♣♣♣.........#
...?..........≈♣≈≈≈♣≈≈♣♣.......##


You could see a necrophage.

Vanquished Creatures
  Grinder (D:3)
  A water moccasin skeleton (D:4)
  2 hounds (D:4)
  An orc priest (D:4)
  An iguana (D:4)
  2 orc wizards
  3 gnolls
  9 adders
  An adder skeleton (D:4)
  2 worms
  2 dart slugs
  13 orcs
  9 ball pythons
  2 endoplasms
  3 giant cockroaches
  3 goblins
  7 hobgoblins
  4 jackals (D:4)
  3 kobolds
  3 quokkas
  6 bats
  4 frilled lizards
  5 rats
87 creatures vanquished.

Vanquished Creatures (others)
  5 plants
5 creatures vanquished.

Grand Total: 92 creatures vanquished

Notes
Turn   | Place    | Note
-------+----------+-------------------------------------------
     0 | D:1      | funkygono the Djinni Cinder Acolyte began the quest for the
                  | Orb.
     0 | D:1      | Reached XP level 1. HP: 20/20 MP: 0/0
   211 | D:1      | Reached XP level 2. HP: 25/25 MP: 0/0
  1272 | D:2      | Reached XP level 3. HP: 15/30 MP: 0/0
  1272 | D:2      | Learned a level 1 spell: Pain
  1688 | D:2      | Reached skill level 1 in Dodging
  1925 | D:2      | Reached XP level 4. HP: 33/35 MP: 0/0
  2762 | D:3      | Noticed Grinder
  2784 | D:3      | Paralysed by Grinder for 4 turns
  2793 | D:3      | Paralysed by Grinder for 2 turns
  2796 | D:3      | Killed Grinder
  2797 | D:3      | Reached skill level 1 in Stealth
  2797 | D:3      | Reached XP level 5. HP: 14/41 MP: 0/0
  2797 | D:3      | Learned a level 2 spell: Wereblood
  2797 | D:3      | Reached XP level 6. HP: 16/47 MP: 0/0
  3576 | D:3      | Reached XP level 7. HP: 23/52 MP: 0/0
  3576 | D:3      | Learned a level 3 spell: Inner Flame
  3830 | D:3      | Found a snail-covered altar of Cheibriados.
  4169 | D:4      | Reached skill level 1 in Armour
  4963 | D:4      | Slain by a necrophage

Illustrated notes

Levels and vault maps discovered:
D:1:      onia_arrival_mini_maze_b, layout_loops_ring
D:2:      layout_loops_ring
D:3:      layout_basic, cheibrodos_worm_habitat, uniq_grinder
D:4:      minmay_skewed_foursquare, layout_rooms, serial_bayou_ford_a

Skill      XL: |  1  2  3  4  5  6  7 |
---------------+----------------------+-----
Long Blades    | 3 4 |  4.4
Dodging        | 1 2 |  2.7
Stealth        | 1 |  1.1
Spellcasting   | 3 4 |  4.2
Fighting       | 4 |  4.2
Armour         | 2 |  2.3

Action                   |  1- 3 |  4- 6 |  7- 9 || total
-------------------------+-------+-------+-------++-------
Melee: Falchion          |    42 |       |       ||    42
       Long sword        |    37 |    64 |    82 ||   183
 Cast: Scorch            |     9 |    17 |     5 ||    31
       Pain              |       |    11 |     8 ||    19
       Wereblood         |       |     1 |     6 ||     7
       Inner Flame       |       |       |     1 ||     1
Invok: Sea of Fire       |       |     3 |     1 ||     4
  Use: Scroll            |     2 |     4 |       ||     6
       Potion            |       |     3 |       ||     3
Armor: Robe              |    56 |    29 |     2 ||    87
       Leather armour    |       |       |    19 ||    19
Dodge: Dodged            |    60 |    53 |    74 ||   187

Table legend: (Time is in decaauts)
 A = Elapsed time spent in this place.
 B = Non-inter-level travel time spent in this place.
 C = Inter-level travel time spent in this place.
 D = Time resting spent in this place.
 E = Time spent auto-exploring this place.
 F = Levels seen in this place.
 G = Mean time per level.
                   A        B        C        D        E       F      G
               +--------+--------+--------+--------+--------+-----+--------+
         Total |   5014 |   4910 |    104 |   1176 |   2902 |   4 | 1253.5 |
       Dungeon |   5014 |   4910 |    104 |   1176 |   2902 |   4 | 1253.5 |
               +--------+--------+--------+--------+--------+-----+--------+

Top non-repeatable levels by time:
     D:2: 1791 daAuts
     D:3: 1527 daAuts
     D:1: 1158 daAuts
     D:4: 537 daAuts
